 Dungeon Crawl Stone Soup version 0.28.0-53-g5a82cb258f (webtiles) character file.

Game seed: 11858012776802427705

29 pkoi the Gusty (level 2, -6/20 HPs)
             Began as a Demigod Air Elementalist on May 26, 2022.
             Mangled by Natasha (9 damage)
             ... on level 2 of the Dungeon.
             The game lasted 00:01:10 (1340 turns).

pkoi the Gusty (Demigod Air Elementalist)           Turns: 1340, Time: 00:01:11

Health: -6/20      AC:  2    Str:  9    XL:     2   Next: 81%
Magic:  1/7        EV: 12    Int: 17    God:
Gold:   44         SH:  0    Dex: 14    Spells: 1/4 levels left

rFire   . . .      SeeInvis .   b - +1 dagger (venom)
rCold   . . .      Faith    .   (no shield)
rNeg    . . .      Spirit   .   a - +0 robe
rPois   .          Reflect  .   (no helmet)
rElec   .          Harm     .   (no cloak)
rCorr   .          Rampage  .   (no gloves)
Will    .....                   (no boots)
Stlth   ++........              (no amulet)
HPRegen 0.06/turn               (no ring)
MPRegen 0.10/turn               (no ring)

@: very slightly contaminated, slowed, very slow
A: high MP 1, forlorn, divine attributes
a: no special abilities


You were on level 2 of the Dungeon.
You visited 1 branch of the dungeon, and saw 2 of its levels.

You collected 44 gold pieces.

Inventory:

Hand Weapons
 b - a +1 dagger of venom (weapon)
Armour
 a - a +0 robe (worn)
Magical Staves
 c - a staff of air
Scrolls
 d - a scroll of holy word {unknown}
 f - a scroll of enchant armour {unknown}
 h - a scroll of vulnerability {unknown}
Potions
 e - a potion of flight {unknown}
 g - a potion of attraction {unknown}


   Skills:
 - Level 1.7 Dodging
 - Level 1.7 Stealth
 - Level 1.7 Spellcasting
 - Level 0.8 Conjurations
 * Level 3.7 Air Magic
 + Level 0.3 Evocations


You had one spell level left.
You knew the following spells:

 Your Spells              Type           Power      Damage    Failure   Level
a - Shock                 Conj/Air       36%        1d5       8%          1
b - Static Discharge      Conj/Air       9%         N/A       12%         2

Your spell library contained the following spells:

 Spells                   Type           Power      Damage    Failure   Level
 Animate Skeleton         Necr           2%         N/A       21%         1
 Pain                     Necr           4%         1d4       21%         1
 Swiftness                Air            14%        N/A       13%         3
 Airstrike                Air            7%         N/A       38%         4
 Vampiric Draining        Necr           1%         2d6       52%         3


Dungeon Overview and Level Annotations

Branches:
Dungeon (2/15)

Annotations:
D:2 Natasha


Innate Abilities, Weirdness & Mutations

You have an increased reservoir of magic. (+10% MP)
You shall have no god before yourself.
Your divine heritage dramatically boosts your attributes as you level up.


Message History

Natasha is heavily wounded.
You feel a surge of power!
The zap hits Natasha.
Natasha is heavily wounded.
You feel a surge of power!
You miscast Shock.
You are very lightly contaminated with residual magic.
Nothing appears to happen.
You feel a surge of power!
You miscast Shock.
Nothing appears to happen.
Natasha claws you.
You feel a surge of power!
The zap hits Natasha.
Natasha is severely wounded.
Natasha claws you.
* * * LOW HITPOINT WARNING * * *
You are too injured to fight recklessly!
Casting: Shock (safe; 8% risk of failure)
Confirm with . or Enter, or press ? or * to list all spells.
You don't know that spell.
You barely miss Natasha.
Natasha is severely wounded.
Natasha mewls in sadness.
Natasha mumbles some strange words.
You hit Natasha.
Natasha is severely wounded.
Natasha wildly gestures.
Natasha's front paws start to glow.
Natasha stares at you and mumbles some strange words.
You feel yourself slow down. The white imp closely misses you.
Unknown command.
Your +1 dagger of venom begins to drip with poison!
b - a +1 dagger of venom (weapon)
Natasha stares at you and mumbles some strange words.
The magic dart hits you.
* * * LOW HITPOINT WARNING * * *
You hit Natasha but do no damage.
Natasha is poisoned.
Natasha is severely wounded.
The white imp hits you.
* * * LOW HITPOINT WARNING * * *
The white imp freezes you.
* * * LOW HITPOINT WARNING * * *
Natasha claws you!
You die...

######
##...).##
#.......##
.........#
......h@5#
.........#
:........#
.........#
........##
.........
.........
.........


You could see Natasha (poisoned) and a white imp (summoned).

Vanquished Creatures
  A dart slug (D:1)
  2 endoplasms (D:1)
  A giant cockroach (D:1)
  2 goblins (D:1)
  3 hobgoblins (D:1)
  4 jackals (D:1)
  5 kobolds
  3 bats (D:1)
  A frilled lizard (D:1)
  A rat (D:1)
23 creatures vanquished.

Notes
Turn   | Place    | Note
-------+----------+-------------------------------------------
     0 | D:1      | pkoi the Demigod Air Elementalist began the quest for the
                  | Orb.
     0 | D:1      | Reached XP level 1. HP: 14/14 MP: 5/5
    71 | D:1      | Reached skill level 3 in Air Magic
   167 | D:1      | Reached XP level 2. HP: 20/20 MP: 0/7
   501 | D:1      | Learned a level 2 spell: Static Discharge
  1329 | D:2      | Noticed Natasha
  1340 | D:2      | Mangled by Natasha

Illustrated notes

Levels and vault maps discovered:
D:1:      dpeg_arrival_leaves_temple_mockup, layout_basic,
          dreamdust_ecumenical_altar_hidden_monk_grotto, chequers_jeans
D:2:      layout_rooms, basic_altar, minmay_rat_hole, uniq_natasha

Skill      XL: |  1 |
---------------+----+-----
Air Magic      | 3 |  3.7
Dodging        | |  1.7
Stealth        | |  1.7
Spellcasting   | |  1.7
Conjurations   | |  0.8
Evocations     | |  0.3

Action                   || total
-------------------------++-------
Melee: Staff             ||     7
       Dagger            ||     1
 Cast: Shock             ||    54
Armor: Robe              ||     4
Dodge: Dodged            ||     8
